 Dungeon Sprint DCSS version 0.30.0-30-g96aa6591b8 (webtiles) character file.

Game seed: 16753400137937903409

1066 ChadusMaximus the Cleaver (level 8, 0/82 HPs)
             Began as a Minotaur Fighter on June 26, 2023.
             Slain by a demonic crawler (16 damage)
             ... in the Dungeon (Sprint I: "Red Sonja").
             The game lasted 00:00:53 (267 turns).

ChadusMaximus the Cleaver (Minotaur Fighter)         Turns: 267, Time: 00:00:53

Health: 0/82       AC:  9    Str: 23    XL:     8   Next: 7%
Magic:  7/7        EV: 10    Int:  5    God:
Gold:   270        SH:  6    Dex: 10    Spells: 7/7 levels left

rFire   . . .        a - +0 war axe
rCold   . . .        c - +0 buckler
rNeg    . . .        b - +0 scale mail
rPois   .            (helmet restricted)
rElec   .            (no cloak)
rCorr   .            (no gloves)
SInv    .            (no boots)
Will    .....        (no amulet) Stlth
                     (no ring)
HPRegen 0.33/turn    (no ring)
MPRegen 0.10/turn

%: no teleportation
@: no status effects
A: horns 2, retaliatory headbutt
a: no special abilities


You were in the Dungeon.
You visited 1 branch You collected 270 gold pieces.

Inventory:

Hand Weapons
 a - a +0 war axe (weapon)
Armour
 b - a +0 scale mail (worn)
 c - a +0 buckler (worn)
Wands
 d - a wand of roots (9)
Scrolls
 j - a scroll of blinking
 l - a scroll of amnesia {unknown}
Potions
 e - a potion of curing
 f - a potion of heal wounds
 g - a potion of haste
 h - 3 potions of magic
 i - a potion of berserk rage
 k - a potion of flight {unknown}


   Skills:
 + Level 11.0 Fighting
 * Level 11.7 Axes
 + Level 11.1 Armour
 + Level 1.5 Dodging
 + Level 0.2 Stealth
 + Level 10.5 Shields


You had 7 spell levels left.
You didn't know any spells.
Your spell library was empty.

Dungeon Overview and Level Annotations

Branches:
Dungeon (1/1)

Altars:
Makhleb
Sif Muna
Vehumet
Wu Jian
Xom
Jiyva
Lugonu


Innate Abilities, Weirdness & Mutations

You have a pair of horns on your head.
You reflexively headbutt those who attack you in melee.


Message History

You miss the quasit. You block the quasit's attack.
The quasit claws you but does no damage. x2
The kobold demonologist hits you but does no damage.
Unknown command.
You slash the kobold demonologist!
You kill the kobold demonologist!
The quasit disappears in a puff of smoke!
Your Fighting skill increases to level 11!
Your Axes skill increases to level 11!
Your Armour skill increases to level 11!
You have reached level 8!
You feel agile.
Unknown command.
You start resting.
HP restored.
There is an open door here.
As you open the door, it creaks loudly! 4 demonic crawlers come into view.
The demonic crawler gives a hideous shriek! x4
You hit the demonic crawler but do no damage.
Your headbutt misses the demonic crawler.
The demonic crawler barely misses you. You furiously retaliate!
You headbutt the demonic crawler. The demonic crawler hits you! x2
You hit the demonic crawler but do no damage. x2
The demonic crawler hits you. The demonic crawler hits you!
The demonic crawler closely misses you. The demonic crawler hits you!
The demonic crawler barely misses you.
The demonic crawler hits you but does no damage.
Unknown command.
The demonic crawler closely misses you. The demonic crawler hits you.
The demonic crawler closely misses you. The demonic crawler closely misses you.
You furiously retaliate!
You headbutt the demonic crawler.
The demonic crawler hits you but does no damage.
The demonic crawler hits you!
* * * LOW HITPOINT WARNING * * *
The demonic crawler barely misses you.
The demonic crawler hits you but does no damage.
The demonic crawler hits you!
You die...

#####################
.').#..'..#__#).@ss.#
.#..').#..'..'..#s..##+#
###'#####'#__####..s'..#
#..# #.#### #####..+
#### ##.# ## #+#_.+
+..._# #_.#+# ##+


You could see 4 demonic crawlers.

Vanquished Creatures
  2 kobold demonologists (D)
  A slime creature (D)
  Sigmund (D)
  A floating eye (D)
  An ogre (D)
  A jelly (D)
  Ijyb (D)
8 creatures vanquished.

Notes
Turn   | Place    | Note
-------+----------+-------------------------------------------
     0 | D        | ChadusMaximus the Minotaur Fighter began the quest for the
                  | Orb.
     0 | D        | Reached XP level 1. HP: 19/19 MP: 0/0
     3 | D        | Noticed Ijyb
     6 | D        | Killed Ijyb
     7 | D        | Reached skill level 5 in Fighting
     7 | D        | Reached skill level 5 in Armour
     7 | D        | Reached skill level 5 in Shields
     7 | D        | Reached XP level 2. HP: 29/29 MP: 1/1
    11 | D        | Noticed an ogre
    13 | D        | Killed an ogre
    14 | D        | Reached XP level 3. HP: 39/39 MP: 2/2
    14 | D        | Reached XP level 4. HP: 47/47 MP: 3/3
    24 | D        | Noticed Sigmund
    27 | D        | Killed Sigmund
    28 | D        | Reached skill level 5 in Axes
    28 | D        | Reached XP level 5. HP: 57/57 MP: 4/4
    28 | D        | Reached XP level 6. HP: 63/63 MP: 5/5
    40 | D        | Found a burning altar of Makhleb.
    40 | D        | Found a shimmering altar of Xom.
    40 | D        | Noticed a slime creature
    41 | D        | Found a viscous altar of Jiyva.
    41 | D        | Found a corrupted altar of Lugonu.
    51 | D        | Killed a slime creature
    54 | D        | Found an ornate altar of the Wu Jian Council.
    54 | D        | Found a shimmering blue altar of Sif Muna.
    56 | D        | Found a radiant altar of Vehumet.
   196 | D        | Noticed a kobold demonologist
   196 | D        | Noticed a floating eye
   196 | D        | Noticed a kobold demonologist
   198 | D        | Paralysed by a floating eye for 3 turns
   201 | D        | Killed a floating eye
   202 | D        | Reached skill level 10 in Fighting
   202 | D        | Reached skill level 10 in Armour
   202 | D        | Reached XP level 7. HP: 67/72 MP: 6/6
   207 | D        | Noticed a ynoxinul
   208 | D        | Killed a kobold demonologist
   209 | D        | Reached skill level 10 in Axes
   209 | D        | Reached skill level 1 in Dodging
   209 | D        | Reached skill level 10 in Shields
   214 | D        | Killed a kobold demonologist
   215 | D        | Reached XP level 8. HP: 68/82 MP: 7/7
   262 | D        | Noticed a demonic crawler
   262 | D        | Noticed a demonic crawler
   262 | D        | Noticed a demonic crawler
   262 | D        | Noticed a demonic crawler
   267 | D        | Slain by a demonic crawler

Illustrated notes

Levels and vault maps discovered:
D:        dungeon_sprint_1 [red_sonja_temple_1, red_sonja_temple_small_1]

Skill      XL: |  1  2  3  4  5  6  7 |
---------------+----------------------+-----
Fighting       | 5 7 9 10 11 | 11.0
Axes           | 3 5 8 11 | 11.7
Armour         | 5 7 8 10 11 | 11.1
Shields        | 5 7 8 9 10 | 10.5
Dodging        | 1 |  1.5
Stealth        | |  0.2

Action                     |  1- 3 |  4- 6 |  7- 9 || total
---------------------------+-------+-------+-------++-------
  Melee: War axe           |     5 |    14 |    15 ||    34
         Headbutt          |     2 |     5 |     1 ||     8
    Use: Potion            |     1 |       |       ||     1
 Armour: Scale mail        |     2 |     2 |    26 ||    30
  Dodge: Dodged            |     1 |     5 |    15 ||    21
  Block: Buckler           |       |     1 |     8 ||     9
